 Dungeon Crawl Stone Soup version 0.28.0-43-g3370ac3207 (webtiles) character file.

Game seed: 7781609836878936044

42 Lothan the Chopper (level 3, -6/33 HPs)
             Began as a Hill Orc Berserker on Mar 21, 2022.
             Was a Believer of Trog.
             Mangled by an orc warrior
             ... wielding a +0 battleaxe
              (16 damage)
             ... on level 3 of the Dungeon.
             The game lasted 00:12:40 (2315 turns).

Lothan the Chopper (Hill Orc Berserker)             Turns: 2315, Time: 00:12:40

Health: -6/33      AC:  7    Str: 21    XL:     3   Next: 56%
Magic:  3/3        EV: 10    Int:  7    God:    Trog [**....]
Gold:   118        SH:  0    Dex: 10    Spells: 2/2 levels left

rFire   . . .      SeeInvis .   a - +0 hand axe
rCold   . . .      Faith    .   (no shield)
rNeg    . . .      Spirit   .   i - +0 scale mail
rPois   .          Reflect  .   (no helmet)
rElec   .          Harm     .   f - +0 cloak
rCorr   +          Rampage  .   (no gloves)
Will    .....                   (no boots)
Stlth   ..........              (no amulet)
HPRegen 0.11/turn               g - ring of resist corrosion
MPRegen 0.08/turn               (no ring)

@: no status effects
A: no striking features
a: Renounce Religion, Convert to Beogh, Berserk, Trog's Hand


You were on level 3 of the Dungeon.
You worshipped Trog.
Trog was pleased with you.
You visited 1 branch of the dungeon, and saw 3 of its levels.

You collected 118 gold pieces.

Inventory:

Hand Weapons
 a - a +0 hand axe (weapon)
 c - a +1 short sword of flaming
Armour
 b - a +0 animal skin
 f - a +0 cloak (worn)
 i - a +0 scale mail (worn)
Jewellery
 g - a ring of resist corrosion (left hand)
Scrolls
 d - a scroll of enchant weapon {unknown}
 e - a scroll of identify {unknown}
 j - a scroll of summoning {unknown}
 k - a scroll of vulnerability {unknown}
 l - a scroll of teleportation {unknown}
Potions
 h - a potion of resistance {unknown}
 m - a potion of curing {unknown}
 n - a potion of brilliance {unknown}


   Skills:
 + Level 4.3 Fighting
 + Level 5.2 Axes
 + Level 2.3 Armour
 - Level 1.5 Dodging
 + Level 0.3 Stealth


You had 2 spell levels left.
You didn't know any spells.
Your spell library was empty.

Dungeon Overview and Level Annotations

Branches:
Dungeon (3/15)

Altars:


Message History

You open the door.
There is an open door here.
You open the door.
There is an open door here.
An orc and an orc warrior come into view.
The orc warrior shouts!
You hear a shout! x2
An orc priest comes into view. It is wielding a +0 short sword.
The orc priest shouts, "Beogh is our master!
Accept the truth or die!" (press Y on the ability menu to convert to Beogh)
You hit the orc.
The orc is severely wounded.
The orc closely misses you.
The orc priest invokes the aid of Beogh against you.
Beogh smites you!
You hear a shout!
Your skin crawls.
You feel strong-willed.
You feel the effects of Trog's Hand fading.
You barely miss the orc.
The orc is severely wounded.
You barely miss the orc warrior.
An orc comes into view. It is wielding a +0 flail.
The orc barely misses you.
The orc warrior hits you with a +0 battleaxe!
The orc moves out of view.
You hit the orc.
You kill the orc!
Trog accepts your kill.
You closely miss the orc warrior.
The orc warrior hits you with a +0 battleaxe.
You fail to use your ability.
The orc warrior hits you with a +0 battleaxe!
* * * LOW HITPOINT WARNING * * *
You hit the orc warrior but do no damage.
Your skin stops crawling.
You feel less strong-willed.
You hit the orc warrior.
You punch the orc warrior, but do no damage.
The orc warrior is moderately wounded.
The orc warrior hits you with a +0 battleaxe!
You die...

###.##########
###.##############
............
......
####.####.#.
...#.## #.# #.#
........
#.####'##+#.#.#.#
#..#........#.#.#
##.#†.......#.#.#
#..........#.#
##.##'##'#.#@#
#..#.##.#.#o#
##.#.#....)o#
.#.####.### .#.#
#.# ...# #.# #..#
#.# ..# #.#
#......o..o.


You could see an orc warrior and an orc priest.

Vanquished Creatures
  A worm (D:2)
  A dart slug (D:1)
  3 orcs (D:3)
  4 ball pythons
  5 endoplasms
  A giant cockroach (D:2)
  5 hobgoblins
  3 jackals (D:1)
  2 bats (D:1)
  4 kobolds
  A rat (D:1)
30 creatures vanquished.

Notes
Turn   | Place    | Note
-------+----------+-------------------------------------------
     0 | D:1      | Lothan the Hill Orc Berserker began the quest for the Orb.
     0 | D:1      | Reached XP level 1. HP: 19/19 MP: 1/1
   251 | D:1      | Reached XP level 2. HP: 6/27 MP: 2/2
   699 | D:1      | Found a faded altar of an unknown god.
  1466 | D:2      | Reached XP level 3. HP: 28/33 MP: 3/3
  1502 | D:2      | Reached ** piety under Trog
  1503 | D:2      | Reached skill level 5 in Axes
  2298 | D:3      | Noticed an orc warrior
  2315 | D:3      | Mangled by an orc warrior

Illustrated notes

Levels and vault maps discovered:
D:1:      saegor_arrival_miasma, layout_basic, serial_rivers,
          chequers_serial_rivers_micro_d, chequers_serial_rivers_marsh,
          chequers_serial_rivers_large_b, chequers_serial_rivers_small_b,
          chequers_serial_rivers_micro_c, chequers_ecumenical_altar_simple
D:2:      layout_basic, fountainhead
D:3:      layout_basic, minmay_quantized

Skill      XL: |  1  2  3 |
---------------+----------+-----
Fighting       | 4 |  4.3
Axes           | 5 |  5.2
Armour         | |  2.3
Dodging        | |  1.5
Stealth        | |  0.3

Action                   || total
-------------------------++-------
Melee: Hand axe          ||   105
       Punch             ||     5
Invok: Trog's Hand       ||     1
Armor: Animal skin       ||    16
       Scale mail        ||    13
Dodge: Dodged            ||    44
